 Dungeon Crawl Stone Soup version 0.29.1-2-gbd0b4ee654 (webtiles) character file.

Game seed: 9062951659085740972

5749 wingedge the Changer (level 11, -1/99 HPs)
             Began as a Human Transmuter on Nov 10, 2022.
             Was an Initiate of Uskayaw.
             Slain by a gnoll sergeant
             ... wielding a +0 halberd
              (6 damage)
             ... in a bailey.
             The game lasted 00:48:26 (10574 turns).

wingedge the Changer (Human Transmuter)            Turns: 10574, Time: 00:48:27

Health: -1/99      AC:  9    Str: 13    XL:     11   Next: 5%
Magic:  11/17      EV:  6    Int: 22    God:    Uskayaw [......]
Gold:   432        SH:  0    Dex: 13    Spells: 11/18 levels left

rFire   x . .      SeeInvis .     - Unarmed
rCold   + + +      Faith    .   (shield currently unavailable)
rNeg    . . .      Spirit   .   (body armour currently unavailable)
rPois   +          Reflect  +   (helmet currently unavailable)
rElec   .          Harm     .   (cloak currently unavailable)
rCorr   .          Rampage  .   (gloves currently unavailable)
Will    .....                   (boots currently unavailable)
Stlth   ++........              L - amulet of reflection
HPRegen 0.26/turn               K - ring of wizardry
MPRegen 0.15/turn               S - +6 ring of intelligence

@: ice-form, weakened, wereblooded, held
A: freezing attack, amphibious, boosted hp, large
a: End Transformation, Renounce Religion


You were in a bailey.
You worshipped Uskayaw.
Uskayaw was noncommittal.
You were a creature of crystalline ice.
You visited 2 branches of the dungeon, and saw 9 of its levels.
You also visited: Sewer and Bailey.

You collected 432 gold pieces.

Inventory:

Hand Weapons
 a - a +4 hand axe of electrocution
 b - a +2 dagger of protection
 o - a +1 dagger of venom
 v - a +0 sling
 H - a +2 short sword of protection
 U - a +0 war axe of flaming
 Y - a +3 halberd
Missiles
 y - 51 poisoned darts
 P - a curare-tipped dart
 Z - 3 throwing nets (quivered)
Armour
 h - a +0 helmet (melded)
 i - a +0 leather armour
 k - a +0 ring mail (melded)
 l - a +0 robe
 u - a scarf of resistance (melded)
Magical Staves
 w - a staff of earth
 M - a staff of death
 R - a staff of fire
Jewellery
 e - an amulet of faith
 K - a ring of wizardry (left front paw)
 L - an amulet of reflection (around neck)
 S - a +6 ring of intelligence (right front paw)
Wands
 C - a wand of roots (10)
 F - a wand of polymorph (11)
 O - a wand of flame (18)
 V - a wand of paralysis (9)
Scrolls
 c - 3 scrolls of poison
 g - a scroll of summoning
 m - 2 scrolls of noise {unknown}
 n - 5 scrolls of amnesia
 p - 3 scrolls of fear
 s - 5 scrolls of teleportation
 x - a scroll of vulnerability {unknown}
 A - a scroll of silence {unknown}
 B - a scroll of enchant armour {unknown}
 D - a scroll of fog {unknown}
 E - a scroll of blinking {unknown}
 I - a scroll of magic mapping {unknown}
 N - a scroll of torment {unknown}
 Q - a scroll of enchant weapon
 T - a scroll of immolation {unknown}
 X - a scroll of brand weapon {unknown}
Potions
 d - a potion of flight {unknown}
 f - 2 potions of might {unknown}
 j - 3 potions of curing
 q - 6 potions of invisibility
 r - 2 potions of heal wounds {unknown}
 t - a potion of mutation {unknown}
 z - 3 potions of cancellation {unknown}
 G - a potion of magic {unknown}
 J - 4 potions of brilliance {unknown}
 W - a potion of lignification


   Skills:
 + Level 6.6 Fighting
 - Level 5.0 Dodging
 - Level 3.0 Stealth
 + Level 7.6 Unarmed Combat
 - Level 4.0 Spellcasting
 + Level 7.6 Transmutations
 - Level 6.0 Ice Magic
 - Level 4.0 Invocations
 - Level 2.0 Evocations


You had 11 spell levels left.
You knew the following spells:

 Your Spells              Type           Power      Damage    Failure   Level
a - Beastly Appendage     Tmut           76%        N/A       1%          1
b - Wereblood             Tmut           38%        N/A       1%          2
c - Ice Form              Ice/Tmut       34%        N/A       2%          4

Your spell library contained the following spells:

 Spells                   Type           Power      Damage    Failure   Level
 Spider Form              Tmut/Pois      21%        N/A       2%          3
 Ignite Poison            Fire/Tmut/Pois 15%        N/A       4%          3
 Call Canine Familiar     Summ           4%         N/A       13%         3
 Conjure Flame            Conj/Fire      4%         6-21      13%         3
 Portal Projectile        Hex/Tloc       8%         N/A       13%         3
 Leda's Liquefaction      Hex/Erth       2%         N/A       38%         4
 Sticky Flame             Conj/Fire      4%         2d3       38%         4


Dungeon Overview and Level Annotations

Branches:
Dungeon (8/15)             Temple (1/1) D:6           Sewer (visited)
 Bailey (1/1)
   Lair: D:8-11

Altars:
Ashenzari
Dithmenos
Makhleb
Ru
Trog
Uskayaw
Xom
Yredelemnul
Zin
Lugonu


Message History

The gnoll is no longer moving quickly.
The gnoll bouda gazes fiercely through you!
You feel your attacks grow feeble.
The gnoll sergeant hits you but does no damage.
The gnoll sergeant is no longer moving quickly.
Your attacks no longer feel as feeble.
The gnoll bouda barks out a call to the hunt!
The gnoll sergeant picks up the pace!
Careful!
Your transformation is almost over.
The gnoll bouda gazes fiercely through you!
You feel your attacks grow feeble.
You howl as the wereblood boils in your veins!
The gnoll sergeant hits you from afar with a +0 halberd.
You block the gnoll sergeant's attack.
You punch the gnoll sergeant! You freeze the gnoll sergeant.
The gnoll sergeant is moderately wounded.
The gnoll throws a throwing net.
The throwing net hits you.
You become entangled in the net!
You hear a splash.
The gnoll completely misses you.
The gnoll bouda barks out a call to the hunt!
The gnoll picks up the pace!
The gnoll sergeant hits you with a +0 halberd!
* * * LOW HITPOINT WARNING * * *
You tear a large gash into the net.
The gnoll closely misses you.
Casting: Wereblood (safe; 1% risk of failure)
Confirm with . or Enter, or press ? or * to list all spells.
You extend your transformation's duration.
The gnoll hits you from afar with a +0 halberd.
* * * LOW HITPOINT WARNING * * *
The gnoll bouda hits you but does no damage.
The gnoll sergeant hits you with a +0 halberd.
* * * LOW HITPOINT WARNING * * *
Unknown command.
You feel better.
The gnoll hits you from afar with a +0 halberd!
* * * LOW HITPOINT WARNING * * *
The gnoll bouda hits you but does no damage.
The gnoll sergeant hits you with a +0 halberd.
You die...

#∩..∩.†))..'.)g'g..8..
#♣♣♣...)...'...#...$..
♣♣...≈..##### .....
♣...≈..# ...# ♣...≈..#
### ♣♣..≈g.# ♣♣.≈gg#
♣.≈g.### ♣♣Y≈...####
♣♣≈≈≈≈≈≈≈≈ ♣♣♣♣♣♣♣♣♣


You could see a gnoll sergeant (swift), a gnoll bouda and 2 gnolls.

Vanquished Creatures
  A two-headed ogre (D:6)
  A hornet (D:8)
  3 wyverns (D:8)
  Eustachio (D:4)
  4 yaks (D:8)
  A steam dragon (D:6)
  2 water moccasins (D:6)
  2 orc warriors (D:6)
  An ice beast (D:7)
  4 black bears
  A sky beast (D:7)
  8 ogres
  4 kobold brigands
  2 necrophages
  6 scorpions
  A wight (D:7)
  2 killer bees
  2 howler monkeys (D:8)
  9 hounds
  4 orc priests
  2 jellies
  6 iguanas
  5 orc wizards
  Robin (D:3)
  4 gnolls (Bailey)
  10 adders
  A shadow imp (D:6)
  2 white imps (D:6)
  5 worms
  2 dart slugs
  37 orcs
  8 endoplasms
  3 giant cockroaches
  22 goblins
  9 hobgoblins
  15 jackals
  22 kobolds
  3 quokkas
  12 ball pythons
  10 bats
  7 frilled lizards
  8 rats
253 creatures vanquished.

Vanquished Creatures (others)
  4 fungi
  65 plants
69 creatures vanquished.

Grand Total: 322 creatures vanquished

Notes
Turn   | Place    | Note
-------+----------+-------------------------------------------
     0 | D:1      | wingedge the Human Transmuter began the quest for the Orb.
     0 | D:1      | Reached XP level 1. HP: 15/15 MP: 3/3
   215 | D:1      | Reached skill level 1 in Stealth
   381 | D:1      | Reached XP level 2. HP: 21/21 MP: 3/5
   728 | D:1      | Reached XP level 3. HP: 20/27 MP: 4/6
  1460 | D:2      | Reached XP level 4. HP: 33/33 MP: 4/7
  1487 | D:2      | Learned a level 2 spell: Wereblood
  2465 | D:3      | Reached XP level 5. HP: 38/38 MP: 2/8
  2481 | D:3      | Noticed Robin
  2575 | D:3      | Killed Robin
  3242 | D:4      | Reached XP level 6. HP: 41/44 MP: 6/9
  3533 | D:4      | Noticed an ogre
  3540 | D:4      | Killed an ogre
  3541 | D:4      | Reached skill level 5 in Transmutations
  3942 | D:4      | Noticed a black bear
  3953 | D:4      | Killed a black bear
  3954 | D:4      | Reached skill level 1 in Evocations
  3954 | D:4      | Reached skill level 1 in Ice Magic
  3954 | D:4      | Reached XP level 7. HP: 14/52 MP: 8/11
  4570 | D:4      | Noticed Eustachio
  4587 | D:4      | Killed Eustachio
  4588 | D:4      | Reached XP level 8. HP: 33/58 MP: 12/12
  5287 | D:5      | Entered Level 5 of the Dungeon
  5656 | D:5      | Reached skill level 5 in Ice Magic
  5743 | D:5      | Found a glowing drain.
  5757 | Sewer    | Entered a sewer
  5939 | Sewer    | Learned a level 4 spell: Ice Form
  6535 | D:5      | Reached XP level 9. HP: 65/65 MP: 7/13
  7039 | D:6      | Reached skill level 5 in Unarmed Combat
  7748 | D:6      | Found a staircase to the Ecumenical Temple.
  7780 | Temple   | Entered the Ecumenical Temple
  7827 | Temple   | Became a worshipper of Uskayaw the Reveller
  7911 | D:6      | Reached * piety under Uskayaw
  8012 | D:6      | Reached ** piety under Uskayaw
  8019 | D:6      | Reached *** piety under Uskayaw
  8275 | D:6      | Reached skill level 5 in Fighting
  8422 | D:6      | Reached XP level 10. HP: 74/74 MP: 9/14
  8667 | D:6      | Noticed a two-headed ogre
  8677 | D:6      | Killed a two-headed ogre
  9506 | D:7      | Reached **** piety under Uskayaw
 10479 | D:8      | Found a flagged portal.
 10517 | D:8      | Reached ***** piety under Uskayaw
 10522 | D:8      | Reached XP level 11. HP: 83/83 MP: 12/16
 10523 | D:8      | Reached ****** piety under Uskayaw
 10529 | Bailey   | Entered a bailey
 10537 | Bailey   | Reached skill level 5 in Dodging
 10574 | Bailey   | Slain by a gnoll sergeant

Illustrated notes

Levels and vault maps discovered:
D:1:      dpeg_arrival_long_road, layout_loops_ring
D:2:      kennysheep_the_goblin_king, layout_rooms
D:3:      layout_rooms, st_stairs_5, uniq_robin
D:4:      layout_layer_cave, kennysheep_boxes, uniq_eustachio
D:5:      layout_basic, serial_corexii_hall, chequers_hall_statues_corner_a,
          corexii_hall_statues_u, chequers_hall_statues_wall_a,
          chequers_hall_statues_y, portal_sewer_entry_d, minmay_hedge_maze
D:6:      minmay_octagon_keep, layout_loops_ring,
          minmay_temple_entry_stoned_glass, minmay_microvault
D:7:      layout_rooms, serial_curves, eino_curves_04, eino_curves_04,
          grunt_decor_mini_mirrors, minmay_diced_spiral
D:8:      layout_basic, minmay_lair_entry_grove, enter_bailey_2, uniq_erica
Temple:   corrupted_temple
Bailey:   bailey_polearm_gnolls_kennysheep, bailey

Skill      XL: |  1  2  3  4  5  6  7  8  9 10 11 |
---------------+----------------------------------+-----
Stealth        | 1 2 3 |  3.0
Fighting       | 2 3 4 5 6 |  6.6
Transmutations | 3 4 5 6 7 |  7.6
Spellcasting   | 3 4 |  4.0
Evocations     | 1 2 |  2.0
Ice Magic      | 1 4 6 |  6.0
Unarmed Combat | 7 |  7.6
Invocations    | 2 4 |  4.0
Dodging        | 4 5 |  5.0

Action                   |  1- 3 |  4- 6 |  7- 9 | 10-12 || total
-------------------------+-------+-------+-------+-------++-------
Melee: Quarterstaff      |    42 |       |       |       ||    42
       Unarmed           |     4 |       |   139 |   133 ||   276
       Headbutt          |     6 |    19 |    17 |       ||    42
       Kick              |     8 |    34 |    15 |       ||    57
       Hand axe          |    32 |   157 |   106 |       ||   295
       Punch             |       |     2 |     1 |       ||     3
 Fire: Sling             |       |     1 |       |       ||     1
Throw: Stone             |     4 |       |       |       ||     4
       Dart              |       |     8 |       |       ||     8
 Cast: Beastly Appendage |    16 |    31 |    19 |       ||    66
       Wereblood         |       |    17 |    18 |    12 ||    47
       Ice Form          |       |       |    17 |    17 ||    34
Invok: Line Pass         |       |       |     1 |     1 ||     2
       Stomp             |       |       |       |     2 ||     2
 Abil: End Transformatio |       |       |       |     2 ||     2
Evoke: Wand              |       |     1 |     5 |     5 ||    11
  Use: Potion            |       |     1 |       |     2 ||     3
       Scroll            |       |       |     9 |     1 ||    10
 Stab: Sleeping          |     5 |     1 |     2 |       ||     8
       Paralysed         |       |       |     1 |     2 ||     3
Armor: Robe              |     8 |       |     1 |       ||     9
       Leather armour    |     9 |    12 |       |       ||    21
       Ring mail         |       |    57 |    37 |       ||    94
       Skin              |       |    13 |    49 |    47 ||   109
Dodge: Dodged            |    44 |   100 |   113 |    69 ||   326
Block: Other             |       |       |    10 |    28 ||    38
